 Dungeon Crawl Stone Soup version 0.30.0-29-ga12c61a403 (webtiles) character file.

Game seed: 13296038530232314144

71 Nicoed the Chopper (level 4, 0/40 HPs)
             Began as a Minotaur Fighter on June 24, 2023.
             Slain by Crazy Yiuf
             ... wielding a +3 quarterstaff of chaos
              (10 damage)
             ... on level 2 of the Dungeon.
             The game lasted 00:02:30 (1527 turns).

Nicoed the Chopper (Minotaur Fighter)               Turns: 1527, Time: 00:02:30

Health: 0/40       AC:  7    Str: 22    XL:     4   Next: 5%
Magic:  3/3        EV:  9    Int:  5    God:
Gold:   76         SH:  0    Dex: 10    Spells: 3/3 levels left

rFire   + . .        a - +0 war axe
rCold   + . .        n - orb {mayhem}
rNeg    . . .        b - +0 scale mail
rPois   +            (helmet restricted)
rElec   +            (no cloak)
rCorr   +            (no gloves)
SInv    .            (no boots)
Will    .....        (no amulet) Stlth
                     (no ring)
HPRegen 0.26/turn    (no ring)
MPRegen 0.08/turn

%: mayhem
@: resistant, hasted and slowed
A: horns 2, retaliatory headbutt
a: no special abilities


You were on level 2 of the Dungeon.
You visited 1 branch of the dungeon, and saw 2 of its levels.

You collected 76 gold pieces.

Inventory:

Hand Weapons
 a - a +0 war axe (weapon)
Armour
 b - a +0 scale mail (worn)
 c - a +0 buckler
 n - an orb of mayhem (worn)
Scrolls
 e - 2 scrolls of fear {unknown}
 h - a scroll of butterflies {unknown}
 i - a scroll of vulnerability {unknown}
 l - 3 scrolls of identify {unknown}
 m - a scroll of magic mapping {unknown}
 o - a scroll of acquirement {unknown}
Potions
 d - a potion of might


   Skills:
 - Level 4.0 Fighting
 + Level 4.5 Axes
 - Level 4.0 Armour
 - Level 4.0 Shields


You had 3 spell levels left.
You didn't know any spells.
Your spell library contained the following spells:

 Spells                   Type           Power      Damage    Failure   Level
 Summon Forest            Summ/Tloc      0%         N/A       100%        5
 Summon Mana Viper        Hex/Summ       0%         N/A       100%        5
 Summon Cactus Giant      Summ           0%         N/A       100%        6


Dungeon Overview and Level Annotations

Branches:
Dungeon (2/15)

Altars:

Annotations:
D:2 Crazy Yiuf


Innate Abilities, Weirdness & Mutations

You have a pair of horns on your head.
You reflexively headbutt those who attack you in melee.


Message History

You barely miss Crazy Yiuf. You headbutt Crazy Yiuf.
Crazy Yiuf is lightly wounded.
Crazy Yiuf zaps a wand.
The puff of flame hits you. Crazy Yiuf closely misses you.
Unknown command.
You barely miss Crazy Yiuf.
Crazy Yiuf is lightly wounded.
Crazy Yiuf hits you with a +3 quarterstaff of chaos!
* * * LOW HITPOINT WARNING * * *
You blink.
Unknown command.
Unknown command.
Press: ? - help, v - describe, . - travel, g - get item Item here: a smoking hammer.
The floor.
It was a potion of curing.
You feel better.
Crazy Yiuf zaps a wand.
The puff of flame hits you.
* * * LOW HITPOINT WARNING * * *
Crazy Yiuf says, "Goldfish!"
It was a potion of haste.
You feel yourself speed up.
It was a potion of heal wounds.
You feel much better.
Crazy Yiuf zaps a wand.
The puff of flame hits you.
You hit Crazy Yiuf.
Crazy Yiuf is moderately wounded.
Crazy Yiuf hits you with a +3 quarterstaff of chaos!
Crazy Yiuf burns you.
* * * LOW HITPOINT WARNING * * *
Crazy Yiuf hits you with a +3 quarterstaff of chaos.
* * * LOW HITPOINT WARNING * * *
It was a potion of resistance.
You feel protected.
Crazy Yiuf hits you with a +3 quarterstaff of chaos.
* * * LOW HITPOINT WARNING * * *
You resist with some effort.
Unknown command.
You feel better.
Crazy Yiuf zaps a wand.
The puff of flame hits you. You resist.
* * * LOW HITPOINT WARNING * * *
Crazy Yiuf hits you with a +3 quarterstaff of chaos!
You die...

## #. #####
#. ########
#..)# #.
.......#
#g@.# #####.
######.#
#...# #..<#.
#.# ##'##
#.###. # #.#
♣♣.♣ #.....
######.#####
♣.♣♣
########....
.....<)....#
♣♣.♣
#.........#.
############
♣.♣♣
#####.#..##.
♣♣.♣♣
#....#..
♣...♣♣
##..##..


You could see Crazy Yiuf.

Vanquished Creatures
  2 adders (D:2)
  A worm (D:2)
  2 dart slugs
  6 endoplasms
  A giant cockroach (D:2)
  12 goblins
  3 hobgoblins
  5 ball pythons
  2 bats (D:2)
  3 frilled lizards
  2 kobolds (D:2)
  5 rats
44 creatures vanquished.

Notes
Turn   | Place    | Note
-------+----------+-------------------------------------------
     0 | D:1      | Nicoed the Minotaur Fighter began the quest for the Orb.
     0 | D:1      | Reached XP level 1. HP: 19/19 MP: 0/0
   127 | D:1      | Reached XP level 2. HP: 15/27 MP: 1/1
  1018 | D:2      | Reached XP level 3. HP: 33/33 MP: 2/2
  1211 | D:2      | Found a runed translucent door.
  1212 | D:2      | Noticed Crazy Yiuf
  1245 | D:2      | Reached XP level 4. HP: 39/40 MP: 3/3
  1527 | D:2      | Slain by Crazy Yiuf

Illustrated notes

Levels and vault maps discovered:
D:1:      amcnicky_arrival_feature_with_door, layout_loops_corners
D:2:      layout_basic, minmay_misc_feat_iff, uniq_crazy_yiuf_cottage

Skill      XL: |  1  2  3 |
---------------+----------+-----
Fighting       | 4 |  4.0
Armour         | 4 |  4.0
Axes           | 3 4 |  4.5
Shields        | 4 |  4.0

Action                     |  1- 3 |  4- 6 || total
---------------------------+-------+-------++-------
  Melee: War axe           |    81 |     8 ||    89
         Headbutt          |    10 |     1 ||    11
    Use: Potion            |       |     5 ||     5
 Armour: Scale mail        |    37 |     2 ||    39
  Dodge: Dodged            |    31 |     2 ||    33
  Block: Buckler           |    11 |       ||    11
